[Event "Titled Tuesday Blitz May 9 Early 2023"]
[White "Bilan, Danila"]
[Black "Matveeva, Olga"]
[WhiteFideId "24161918"]
[BlackFideId "24107018"]
[WhiteElo "2182"]
[BlackElo "2009"]
[Result "1-0"]
[Round "08"]
[TimeControl "180+2"]
[Date "2023.05.09"]
[WhiteClock "0:00:05"]
[BlackClock "0:00:09"]

1. d4 Nf6 2. Nf3 g6 3. Bg5 Bg7 4. c3 d5 5. Nbd2 O-O 6. e3 c6 7. Bd3 Nbd7 8. O-O Re8 9. e4 dxe4 10. Nxe4 Nxe4 11. Bxe4 Nf6 12. Bc2 Bg4 13. h3 Be6 14. Re1 Bd5 15. Ne5 b5 16. Qd2 Nd7 17. Nd3 f6 18. Bh4 Qb6 19. Nf4 Bf7 20. Ne6 Bh8 21. Bb3 c5 22. Bd5 Rac8 23. Bg3 cxd4 24. cxd4 f5 25. Bb3 a5 26. a3 Nf6 27. f3 Ne4 28. fxe4 Bxe6 29. Bxe6+ Qxe6 30. exf5 Qxf5 31. Qxa5 Bxd4+ 32. Kh2 Rc2 33. Rf1 Qd5 34. Rg1 Bxg1+ 35. Rxg1 Rxb2 36. Qc3 Rd2 37. Qe3 e5 38. Bf4 Rf8 39. Qxd2 Qxd2 40. Bxd2 Rf2 41. Bb4 e4 42. Re1 Kf7 43. Rxe4 Rc2 44. Re5 1-0


[Site "https://www.chess.com"]

[Event "Titled Tuesday Blitz May 9 Early 2023"]
[White "Jovic, Stanoje"]
[Black "Fajdetic, Hrvoje"]
[WhiteFideId "905020"]
[BlackFideId "14501945"]
[WhiteElo "2236"]
[BlackElo "2185"]
[Result "1-0"]
[Round "08"]
[TimeControl "180+2"]
[Date "2023.05.09"]
[WhiteClock "0:00:51"]
[BlackClock "0:00:07"]

1. c4 f5 2. g3 e5 3. Bg2 d6 4. Nc3 Nf6 5. Nh3 Be7 6. O-O c6 7. d4 O-O 8. Ng5 Qe8 9. c5 e4 10. cxd6 Bxd6 11. f3 exf3 12. exf3 f4 13. g4 Nbd7 14. Re1 Qg6 15. Ne6 Re8 16. Bxf4 Rxe6 17. Rxe6 Bxf4 18. Qb3 Kh8 19. Rae1 Nf8 20. Re7 Qh6 21. h3 Ng6 22. Re8+ 1-0


[Site "https://www.chess.com"]

[Event "Titled Tuesday Blitz May 9 Early 2023"]
[White "Balint, Vilmos"]
[Black "Womacka, Mathias"]
[WhiteFideId "718050"]
[BlackFideId "4611390"]
[WhiteElo "2034"]
[BlackElo "2377"]
[Result "1-0"]
[Round "08"]
[TimeControl "180+2"]
[Date "2023.05.09"]
[WhiteClock "0:00:22"]
[BlackClock "0:00:00"]

1. e4 c5 2. Nf3 d6 3. d4 cxd4 4. Bb5+ Bd7 5. Bxd7+ Qxd7 6. Nxd4 Nf6 7. f3 g6 8. c4 Bg7 9. Be3 O-O 10. Nc3 Nc6 11. Rc1 Rac8 12. b3 e6 13. O-O d5 14. cxd5 exd5 15. exd5 Nxd5 16. Nxc6 bxc6 17. Bc5 Rfd8 18. Ne4 Nf4 19. Qxd7 Rxd7 20. Rcd1 Rcd8 21. Rxd7 Rxd7 22. g3 Ne2+ 23. Kf2 Nc3 24. Re1 f5 25. Nxc3 Bxc3 26. Re2 a6 27. Rc2 Rd2+ 28. Rxd2 Bxd2 29. Ke2 Bh6 30. Kd3 Kf7 31. Kc4 Ke6 32. a4 Bd2 33. Bb4 Be3 34. Bc5 Bd2 35. Bb4 Be3 36. Bc3 h5 37. h3 Kd6 38. g4 hxg4 39. hxg4 fxg4 40. fxg4 Bf2 41. Bd4 Be1 42. Bc5+ Kd7 43. Be3 Kd6 44. Kd4 Bg3 45. Ke4 Ke6 46. Bf4 Bxf4 47. Kxf4 1-0


[Site "https://www.chess.com"]

[Event "Titled Tuesday Blitz May 9 Early 2023"]
[White "Ardila, Oscar Humberto"]
[Black "Sanhueza, Cristian"]
[WhiteFideId "4404742"]
[BlackFideId "116815"]
[WhiteElo "1918"]
[BlackElo "2174"]
[Result "0-1"]
[Round "08"]
[TimeControl "180+2"]
[Date "2023.05.09"]
[WhiteClock "0:00:00"]
[BlackClock "0:00:04"]

1. d4 Nf6 2. c4 g6 3. Nc3 Bg7 4. Nf3 O-O 5. e3 d6 6. Be2 b6 7. O-O Bb7 8. Qc2 Nbd7 9. a3 a5 10. Bd2 e5 11. b4 Re8 12. dxe5 Nxe5 13. Nxe5 dxe5 14. Rfd1 Qe7 15. Rab1 axb4 16. axb4 Ra3 17. e4 Rxc3 18. Qxc3 Nxe4 19. Qe3 Nxd2 20. Rxd2 f5 21. c5 f4 22. Bc4+ Kh8 23. Qh3 e4 24. Qd7 Bc3 25. Qxe7 Rxe7 26. Rd8+ Kg7 27. cxb6 cxb6 28. Rg8+ Kh6 29. Bb5 e3 30. fxe3 fxe3 31. Be2 Rf7 32. Rf1 Rd7 33. Rd1 Rf7 34. Re8 Bd2 35. Rf1 Rc7 36. h4 Bxb4 37. g4 Kg7 38. Rb1 Bc5 39. Rd1 Bc6 40. Red8 Rf7 41. Rf1 Ra7 42. Rc8 Bd7 43. Rd8 Be7 44. Rb8 b5 45. Rd1 Bxh4 46. Bxb5 Bxg4 47. Rd4 Bf2+ 48. Kg2 Bf5 49. Rdd8 Ra1 50. Rg8+ Kh6 51. Be2 Rg1+ 52. Kf3 Bg4+ 53. Kf4 Bxe2 54. Rb7 Bg3+ 55. Kxe3 Bh5 56. Rh8 Bh4 57. Rbxh7+ Kg5 58. Ra7 Re1+ 59. Kd2 Re5 60. Rb8 Bg3 61. Rba8 Rd5+ 62. Ke3 Bf4+ 63. Kf2 Rd2+ 64. Ke1 Rd1+ 65. Kf2 Rd2+ 66. Ke1 Re2+ 67. Kf1 Bf3 68. Ra2 Re7 69. R8a3 Kg4 70. Kf2 Rh7 71. Rxf3 Rh2+ 72. Kf1 Kxf3 73. Rxh2 Bxh2 0-1


[Site "https://www.chess.com"]

[Event "Titled Tuesday Blitz May 9 Early 2023"]
[White "Barbot, Pierre"]
[Black "ElenGajger"]
[WhiteFideId "663727"]
[WhiteElo "2431"]
[BlackElo "2474"]
[Result "1-0"]
[Round "08"]
[TimeControl "180+2"]
[Date "2023.05.09"]
[WhiteClock "0:00:05"]
[BlackClock "0:00:16"]

1. d4 Nf6 2. Nc3 d5 3. Bf4 g6 4. e3 Bg7 5. h4 h6 6. Be2 O-O 7. h5 g5 8. Be5 Nbd7 9. f4 Nxe5 10. dxe5 Ne4 11. Qxd5 Nxc3 12. Qxd8 Rxd8 13. bxc3 Bf5 14. Rc1 Rd7 15. Nf3 g4 16. Nd4 Be4 17. Bxg4 e6 18. Bf3 Bxf3 19. Nxf3 Rad8 20. Ke2 f6 21. Rhd1 fxe5 22. Nxe5 Bxe5 23. fxe5 Kf8 24. Rd3 Rxd3 25. cxd3 Ke7 26. g4 Rd5 27. d4 Ra5 28. Rf1 Rxa2+ 29. Kd3 Rg2 30. Rf6 Rxg4 31. Rxh6 Rh4 32. Rh7+ Kd8 33. h6 b5 34. Rh8+ Kd7 35. Ke2 a5 36. Kd2 a4 37. Kc2 Rh2+ 38. Kb1 a3 39. Ka1 a2 40. h7 Kc6 41. e4 Kd7 42. d5 Ke7 43. Rc8 Rxh7 44. Rxc7+ Kd8 45. Rxh7 exd5 46. exd5 b4 47. Kxa2 1-0


[Site "https://www.chess.com"]

[Event "Titled Tuesday Blitz May 9 Early 2023"]
[White "Vifleemskaia, Svetlana"]
[Black "Bettalli, Francesco"]
[WhiteFideId "4129490"]
[BlackFideId "2816453"]
[WhiteElo "1930"]
[BlackElo "2216"]
[Result "0-1"]
[Round "08"]
[TimeControl "180+2"]
[Date "2023.05.09"]
[WhiteClock "0:00:00"]
[BlackClock "0:00:18"]

1. d4 g6 2. c4 Bg7 3. e4 c6 4. Nc3 Nf6 5. e5 Ng8 6. f4 h5 7. Nf3 d6 8. Bd3 Rh7 9. O-O Nh6 10. Ne4 d5 11. Neg5 Rh8 12. e6 Bxe6 13. Nxe6 fxe6 14. Bxg6+ Kd7 15. Ne5+ Bxe5 16. fxe5 Ng4 17. Bxh5 Rxh5 18. Qxg4 Qh8 19. h3 Na6 20. cxd5 cxd5 21. Bg5 Rg8 22. h4 Nb4 23. Rac1 Nd3 24. Qf3 Nxc1 25. Rxc1 Rgxg5 26. Qb3 Rxg2+ 27. Kxg2 Qg7+ 28. Kh3 Rf5 29. Qb5+ Kd8 30. Rf1 Qf7 31. Rxf5 Qxf5+ 32. Kg3 Qg6+ 33. Kh3 Qg1 34. Qxb7 Qxd4 35. Qb8+ Kd7 36. h5 Qe3+ 37. Kg4 Qe2+ 38. Kg5 Qg2+ 39. Kh6 d4 40. Kh7 d3 41. Qb5+ Kc7 42. Qxd3 Qg5 43. Qe4 Qxh5+ 44. Kg7 Qg5+ 45. Kf7 Qf5+ 46. Qxf5 exf5 47. Kxe7 f4 0-1


[Site "https://www.chess.com"]

[Event "Titled Tuesday Blitz May 9 Early 2023"]
[White "Panda Sambit"]
[Black "Mike24147"]
[WhiteFideId "25091794"]
[WhiteElo "2272"]
[BlackElo "2322"]
[Result "0-1"]
[Round "08"]
[TimeControl "180+2"]
[Date "2023.05.09"]
[WhiteClock "0:00:00"]
[BlackClock "0:00:52"]

1. b3 e5 2. Bb2 Nc6 3. e3 g6 4. f4 Bg7 5. Nf3 d6 6. Bb5 Ne7 7. fxe5 O-O 8. d4 dxe5 9. dxe5 Qxd1+ 10. Kxd1 Bg4 11. Be2 Nf5 12. h3 Bxf3 13. Bxf3 Nxe3+ 14. Kc1 Nxe5 15. Bxb7 Rab8 16. Bf3 Nxf3 17. gxf3 Bh6 18. Nd2 Rfd8 19. Bc3 Nd5 20. Ba5 Rb5 21. Kb2 Rxa5 22. Nc4 Rc5 23. Rad1 Rb8 0-1


[Site "https://www.chess.com"]

[Event "Titled Tuesday Blitz May 9 Early 2023"]
[White "Szente Varga, Fruzsina"]
[Black "koncheto"]
[WhiteFideId "712264"]
[WhiteElo "1994"]
[BlackElo "2464"]
[Result "1-0"]
[Round "08"]
[TimeControl "180+2"]
[Date "2023.05.09"]
[WhiteClock "0:00:08"]
[BlackClock "0:00:52"]

1. e4 e5 2. Nf3 Nf6 3. Nc3 Nc6 4. d4 exd4 5. Nd5 Bb4+ 6. Nxb4 Nxb4 7. e5 Nc6 8. exf6 Qxf6 9. Bg5 Qg6 10. Bd3 f5 11. Qe2+ Kf8 12. O-O-O d6 13. h4 Bd7 14. h5 Qf7 15. Bc4 Re8 16. Qd3 d5 17. Bb3 f4 18. h6 g6 19. Rhe1 Bf5 20. Qb5 Be4 21. Qxb7 Qd7 22. Nxd4 Ne5 23. Bf6 Rg8 24. Bxe5 Rxe5 25. Qb4+ Kf7 26. f3 c5 27. Qxc5 Rc8 28. Qa5 Kf6 29. fxe4 dxe4 30. Qa6+ Kg5 31. Qe2 Kxh6 32. Nf3 exf3 33. Qxe5 Qg4 34. gxf3 Qh5 35. Rh1 Rd8 36. Rxh5+ gxh5 37. Qf6# 1-0


[Site "https://www.chess.com"]

[Event "Titled Tuesday Blitz May 9 Early 2023"]
[White "Orzech, Dominik"]
[Black "Shukhman, Anna"]
[WhiteFideId "1115065"]
[BlackFideId "54180058"]
[WhiteElo "2260"]
[BlackElo "2235"]
[Result "1-0"]
[Round "08"]
[TimeControl "180+2"]
[Date "2023.05.09"]
[WhiteClock "0:00:26"]
[BlackClock "0:00:41"]

1. d4 Nf6 2. Nf3 g6 3. c4 Bg7 4. Nc3 O-O 5. g3 d5 6. cxd5 Nxd5 7. Bg2 c5 8. Nxd5 Qxd5 9. Be3 cxd4 10. O-O Qh5 11. Nxd4 Bh3 12. Bxb7 Bxf1 13. Qxf1 Rd8 14. Bf3 Qe5 15. Bxa8 Rxd4 16. Bxd4 Qxd4 17. Rc1 Be5 18. b3 Na6 19. Qd1 Qb4 20. Rc8+ Kg7 21. Qd8 Qe1+ 22. Kg2 Qxe2 23. Qxe7 Nb8 24. Rxb8 1-0


[Site "https://www.chess.com"]

[Event "Titled Tuesday Blitz May 9 Early 2023"]
[White "Avazkhonov, Alikhon"]
[Black "Alahakoon, Isuru"]
[WhiteFideId "14208504"]
[BlackFideId "9900993"]
[WhiteElo "1739"]
[BlackElo "1953"]
[Result "1-0"]
[Round "08"]
[TimeControl "180+2"]
[Date "2023.05.09"]
[WhiteClock "0:00:03"]
[BlackClock "0:00:00"]

1. d4 d5 2. c4 Nc6 3. cxd5 Qxd5 4. Nf3 Bg4 5. Nc3 Qh5 6. d5 O-O-O 7. Qa4 Nb8 8. Bf4 Nf6 9. Nb5 Na6 10. Nxa7+ Kb8 11. Nc6+ bxc6 12. dxc6 Qc5 13. b4 Qxb4+ 14. Qxb4+ Nxb4 15. Rb1 e5 16. Bd2 Bf5 17. Rb3 Rxd2 18. Nxd2 Kc8 19. f3 Be6 20. Rb2 Nxc6 21. e4 Nd4 22. Nc4 Bc5 23. Nxe5 Nd7 24. Nxd7 Kxd7 25. Bd3 Ra8 26. Kf2 Rxa2 27. Rxa2 Bxa2 28. Kg3 Be6 29. e5 f6 30. exf6 gxf6 31. Bxh7 Bd6+ 32. f4 c5 33. Kf2 f5 34. g3 c4 35. h4 c3 36. Rc1 c2 37. Ke3 Ba3 38. Kd3 1-0


[Site "https://www.chess.com"]

[Event "Titled Tuesday Blitz May 9 Early 2023"]
[White "Samaganova, Aleksandra"]
[Black "Koridze, Lile"]
[WhiteFideId "13800221"]
[BlackFideId "13612514"]
[WhiteElo "1858"]
[BlackElo "2047"]
[Result "0-1"]
[Round "08"]
[TimeControl "180+2"]
[Date "2023.05.09"]
[WhiteClock "0:00:00"]
[BlackClock "0:00:07"]

1. c4 e5 2. Nc3 Nf6 3. Nf3 Nc6 4. a3 g6 5. e3 Bg7 6. b4 d6 7. b5 Ne7 8. Be2 O-O 9. O-O c6 10. d4 exd4 11. Nxd4 Qc7 12. Bb2 d5 13. cxd5 Nfxd5 14. Qb3 Rd8 15. Rfd1 c5 16. Nf3 Be6 17. Bc4 Nxc3 18. Bxc3 Rxd1+ 19. Rxd1 Bxc4 20. Qxc4 Bxc3 21. Qxc3 b6 22. Ng5 Rd8 23. Rc1 Qd7 24. h3 Qf5 25. Nf3 Rd3 26. Qb2 Qd5 27. Ne5 Rd1+ 28. Rxd1 Qxd1+ 29. Kh2 Qd6 30. g3 Nd5 31. Ng4 f6 32. e4 h5 33. exd5 hxg4 34. Qd2 gxh3 35. Kxh3 Kg7 36. Qd3 g5 37. Qe4 Kf7 38. Qh7+ Kf8 39. Qe4 Qd7+ 40. Kg2 Qxb5 0-1


[Site "https://www.chess.com"]

[Event "Titled Tuesday Blitz May 9 Early 2023"]
[White "Redzisz, Michal"]
[Black "Sai Han Thiha"]
[WhiteFideId "21816107"]
[BlackFideId "13012290"]
[WhiteElo "2175"]
[BlackElo "1954"]
[Result "1/2-1/2"]
[Round "08"]
[TimeControl "180+2"]
[Date "2023.05.09"]
[WhiteClock "0:00:17"]
[BlackClock "0:00:10"]

1. e4 c6 2. c4 d5 3. cxd5 cxd5 4. exd5 Nf6 5. Qa4+ Nbd7 6. Nc3 g6 7. g3 a6 8. Bg2 b5 9. Qb3 Bb7 10. Nge2 Nc5 11. Qc2 Nxd5 12. Nxd5 Bxd5 13. Bxd5 Qxd5 14. O-O Bg7 15. d4 Ne6 16. Be3 O-O 17. Qb3 Rfd8 18. Rfd1 Qf3 19. Rd2 Rd5 20. Qd1 b4 21. Nf4 Qxd1+ 22. Raxd1 Nxf4 23. Bxf4 Rad8 24. Be3 Rc8 25. Kg2 f5 26. f4 Ra5 27. b3 Rd5 28. Kf3 Kf7 29. h3 Ke6 30. g4 Rcd8 31. Rd3 R8d6 32. R1d2 Ra5 33. Rc2 Ra3 34. Rdd2 a5 35. Rc5 a4 36. d5+ Kf7 37. bxa4 Rxa4 38. gxf5 gxf5 39. Rc6 Bc3 40. Rg2 Rxd5 41. Rh6 Bf6 42. Rxh7+ Ke6 43. h4 Ra3 44. Re2 Rdd3 45. Kf2 Kd5 46. Rh6 Rxe3 47. Rxe3 Bd4 48. Re6 Rxa2+ 49. Kf3 Bxe3 50. Rxe3 Rh2 51. Re5+ Kd4 52. Rxf5 Rxh4 53. Rb5 Kc4 54. Rb7 b3 55. Rxe7 b2 56. Rc7+ Kb3 57. Rb7+ Kc2 58. Ke4 b1=Q 59. Rxb1 Kxb1 60. Ke5 Kc2 61. f5 Kd3 62. f6 Re4+ 63. Kd6 Rf4 64. Ke7 Ke4 65. f7 Ke5 66. f8=Q Rxf8 67. Kxf8 1/2-1/2


[Site "https://www.chess.com"]

[Event "Titled Tuesday Blitz May 9 Early 2023"]
[White "Levitan, Caleb Levi"]
[Black "Mackster23"]
[WhiteFideId "14332620"]
[WhiteElo "1963"]
[BlackElo "2436"]
[Result "0-1"]
[Round "08"]
[TimeControl "180+2"]
[Date "2023.05.09"]
[WhiteClock "0:00:05"]
[BlackClock "0:00:11"]

1. e4 e6 2. d4 d5 3. Nc3 Bb4 4. e5 c5 5. Bd2 Nh6 6. a3 Bxc3 7. Bxc3 cxd4 8. Bxd4 Nf5 9. f4 Nc6 10. Nf3 Ncxd4 11. Nxd4 Qh4+ 12. g3 Nxg3 13. Nf3 Qh6 14. Bb5+ Bd7 15. Bxd7+ Kxd7 16. Rg1 Ne4 17. Qe2 Qxf4 18. Rxg7 Rag8 19. Rxg8 Rxg8 20. c4 Kc8 21. cxd5 exd5 22. a4 Kb8 23. a5 a6 24. b4 Nc3 25. Qd3 Qe4+ 26. Qxe4 dxe4 27. Nd2 Rg1+ 28. Nf1 Nd5 29. Kf2 Rg5 30. Re1 Rf5+ 31. Kg2 Rxe5 32. Ng3 f5 33. h4 Kc7 34. Rf1 f4 35. Nh1 Ne3+ 36. Kf2 Nxf1 37. Kxf1 Rb5 38. Nf2 Rxb4 39. Ke2 Rb2+ 40. Ke1 Rxf2 41. Kxf2 h5 42. Ke2 Kc6 43. Kd2 Kb5 44. Kc3 Kxa5 45. Kd4 f3 0-1


[Site "https://www.chess.com"]

[Event "Titled Tuesday Blitz May 9 Early 2023"]
[White "Qiao, Cindy"]
[Black "Yonal, Timur"]
[WhiteFideId "2620243"]
[BlackFideId "44115725"]
[WhiteElo "1777"]
[BlackElo "1966"]
[Result "0-1"]
[Round "08"]
[TimeControl "180+2"]
[Date "2023.05.09"]
[WhiteClock "0:00:16"]
[BlackClock "0:00:05"]

1. d4 d5 2. Bf4 Nf6 3. e3 c5 4. c3 Nc6 5. Nf3 Qb6 6. Qc2 Bf5 7. dxc5 Bxc2 8. cxb6 axb6 9. Na3 e5 10. Nxc2 exf4 11. exf4 Bd6 12. g3 O-O 13. Bg2 Rfe8+ 14. Kf1 Na5 15. Nd2 Ne4 16. Nxe4 dxe4 17. Ne3 Bc5 18. Ke2 Bxe3 19. fxe3 Nc4 20. b3 Nd6 21. c4 Ra3 22. Rhd1 Nf5 23. Rd2 h5 24. Rad1 Kh7 25. Rc1 Nh6 26. h3 f5 27. c5 Rea8 28. Rcc2 bxc5 29. Rxc5 Rxa2 30. Rd5 R8a3 31. b4 Rxd2+ 32. Rxd2 Rb3 33. Rd4 Rb2+ 34. Kf1 Nf7 35. g4 hxg4 36. hxg4 g6 37. gxf5 gxf5 38. Bh3 Kg6 39. Kg1 Nh6 40. Bf1 Rb1 41. Kf2 Ng4+ 42. Ke2 Rb2+ 43. Ke1 Nxe3 44. Rd6+ Kg7 45. Rd7+ Kf6 46. Bh3 Nc2+ 47. Kd2 Nxb4+ 48. Kc1 Rc2+ 49. Kb1 Rc3 50. Bf1 Rf3 51. Bb5 Rxf4 52. Rxb7 Nd5 53. Kc2 Rf2+ 54. Kb3 e3 55. Rd7 Nf4 56. Rd6+ Ke5 57. Rd8 e2 58. Re8+ Ne6 59. Bxe2 Rxe2 60. Kc3 f4 61. Rh8 f3 62. Rh5+ Kf4 63. Rh6 f2 64. Rf6+ Kg3 65. Rg6+ Kh2 66. Rh6+ Kg1 67. Rg6+ Kf1 68. Kd3 Nf4+ 0-1


[Site "https://www.chess.com"]

[Event "Titled Tuesday Blitz May 9 Early 2023"]
[White "Shubenkova, Veronika"]
[Black "Schut, Han"]
[WhiteFideId "44124040"]
[BlackFideId "1005561"]
[WhiteElo "2060"]
[BlackElo "2024"]
[Result "0-1"]
[Round "08"]
[TimeControl "180+2"]
[Date "2023.05.09"]
[WhiteClock "0:01:23"]
[BlackClock "0:01:10"]

1. d4 Nf6 2. c4 g6 3. Nc3 d5 4. cxd5 Nxd5 5. Nf3 Bg7 6. e3 c5 7. Be2 cxd4 8. Nxd4 O-O 9. O-O Nc6 10. Nxc6 bxc6 11. Nxd5 cxd5 12. Rb1 Rb8 13. b4 Bf5 14. Bd3 Bxd3 15. Qxd3 e6 16. a4 Qd7 17. b5 Rfc8 18. Bd2 a6 19. bxa6 Qxa4 20. Rb7 Ra8 21. Rb6 Rc4 22. Rfb1 h5 23. g3 Rxa6 24. Rxa6 Qxa6 25. e4 Rc1+ 0-1


[Site "https://www.chess.com"]

[Event "Titled Tuesday Blitz May 9 Early 2023"]
[White "Rios Escobar, Adan"]
[Black "Kejzar, Petra"]
[WhiteFideId "3403645"]
[BlackFideId "14610213"]
[WhiteElo "2415"]
[BlackElo "2089"]
[Result "1-0"]
[Round "08"]
[TimeControl "180+2"]
[Date "2023.05.09"]
[WhiteClock "0:00:06"]
[BlackClock "0:00:14"]

1. d4 d5 2. g3 Nf6 3. Nf3 c6 4. c4 Bf5 5. Nc3 e6 6. Nh4 Bg6 7. Qb3 Qb6 8. Nxg6 hxg6 9. c5 Qxb3 10. axb3 Be7 11. b4 O-O 12. e3 a6 13. b5 cxb5 14. Bxb5 Nbd7 15. Be2 e5 16. O-O Rfe8 17. Bd2 Bf8 18. Rfb1 Rac8 19. b4 exd4 20. exd4 Ne4 21. Nxe4 Rxe4 22. Be3 Nf6 23. b5 axb5 24. Rxb5 Bxc5 25. Rxc5 Rxc5 26. dxc5 d4 27. Bf3 dxe3 28. Bxe4 exf2+ 29. Kg2 Nxe4 30. Ra8+ Kh7 31. Re8 Nxc5 32. Kxf2 f5 33. Rc8 Ne4+ 34. Ke3 Kh6 35. h4 Kh5 36. Kf4 g5+ 37. hxg5 Nxg5 38. Kxf5 g6+ 39. Kf4 Ne6+ 40. Kf3 Nd4+ 41. Ke4 Ne2 42. Kf3 Nd4+ 43. Kg2 Kg5 44. Rc4 Nf5 45. Rb4 Nd6 46. Rb6 Nf5 47. Rxb7 Ne3+ 48. Kf3 Nf5 49. Rb5 Kf6 50. Kf4 g5+ 51. Kg4 Ne3+ 52. Kf3 Nf5 53. Ra5 Kg6 54. Ra6+ Kf7 55. Kg4 Ng7 56. Kxg5 Ne6+ 57. Kf5 Ng7+ 58. Ke5 Kg8 59. g4 Kh7 60. Ra7 Kg6 61. Kf4 Ne6+ 62. Kg3 Ng5 63. Ra6+ Kg7 64. Kh4 Nf3+ 65. Kh5 Kf7 66. g5 Kg7 67. Ra7+ Kf8 68. Kh6 Nh4 69. g6 Nf5+ 70. Kh7 Ke8 71. g7 Nxg7 72. Rxg7 Kd8 73. Kg6 Kc8 74. Kf6 Kd8 75. Ke6 Kc8 76. Kd6 Kb8 77. Kc6 Kc8 78. Rg8# 1-0


[Site "https://www.chess.com"]

[Event "Titled Tuesday Blitz May 9 Early 2023"]
[White "Sargissyan, Sargis"]
[Black "Vidruska, Renate"]
[WhiteFideId "13303210"]
[BlackFideId "11601841"]
[WhiteElo "2109"]
[BlackElo "1976"]
[Result "0-1"]
[Round "08"]
[TimeControl "180+2"]
[Date "2023.05.09"]
[WhiteClock "0:00:05"]
[BlackClock "0:00:18"]

1. e4 e5 2. Nf3 Nf6 3. d4 Nxe4 4. Nxe5 d5 5. Nc3 Nxc3 6. bxc3 Bd6 7. Bd3 O-O 8. O-O h6 9. Qh5 Qf6 10. f4 c5 11. dxc5 Bxc5+ 12. Kh1 Nc6 13. Bd2 Bd6 14. Rae1 Ne7 15. Ng4 Bxg4 16. Qxg4 Rae8 17. Re5 Bxe5 18. fxe5 Qe6 19. Qg3 Ng6 20. Rf5 Nxe5 21. Rf1 Nxd3 22. cxd3 Qg6 23. Qf3 Re5 24. Bf4 Rf5 25. Qe3 Rf6 26. Rb1 Re6 27. Qd4 Rfe8 28. h3 b6 29. Kh2 Qf5 30. Bg3 Re3 31. Rb2 Qxd3 32. Qf4 Qxc3 33. Rf2 Rf8 34. Bh4 Qe5 35. Bg3 Qxf4 36. Bxf4 Re4 37. Kg3 Rfe8 38. Rc2 d4 39. Rc7 g5 40. Bc1 d3 41. Bb2 Re2 42. Rd7 Rxb2 0-1


[Site "https://www.chess.com"]

[Event "Titled Tuesday Blitz May 9 Early 2023"]
[White "Jaivardhan Raj"]
[Black "Bueno, Alfeu Junior Varela"]
[WhiteFideId "25744437"]
[BlackFideId "2108879"]
[WhiteElo "1772"]
[BlackElo "2175"]
[Result "1-0"]
[Round "08"]
[TimeControl "180+2"]
[Date "2023.05.09"]
[WhiteClock "0:00:12"]
[BlackClock "0:00:00"]

1. e4 e6 2. d4 d5 3. Nd2 Nf6 4. e5 Nfd7 5. Bd3 c5 6. c3 Nc6 7. Ne2 cxd4 8. cxd4 f6 9. exf6 Nxf6 10. Nf3 Bd6 11. O-O Qc7 12. Be3 O-O 13. h3 Nh5 14. Nc3 a6 15. Ng5 Nf6 16. Qc2 g6 17. a3 Qg7 18. Nf3 Nh5 19. Qd2 Rxf3 20. gxf3 Nxd4 21. Qd1 Bd7 22. Kh1 Rf8 23. Bxg6 Rxf3 24. Qxf3 Nxf3 25. Bxh5 Qf6 26. Ne2 d4 27. Bc1 Bc6 28. Ng3 Nd2+ 29. Kg1 Nxf1 30. Kxf1 Bxg3 31. f3 1-0


[Site "https://www.chess.com"]

[Event "Titled Tuesday Blitz May 9 Early 2023"]
[White "Howell, David W L"]
[Black "Dahlgren, James Allen"]
[WhiteFideId "410608"]
[BlackFideId "22256873"]
[WhiteElo "2567"]
[BlackElo "2213"]
[Result "1-0"]
[Round "08"]
[TimeControl "180+2"]
[Date "2023.05.09"]
[WhiteClock "0:00:58"]
[BlackClock "0:00:45"]

1. d4 e6 2. Bf4 c5 3. e3 Nf6 4. c3 d5 5. Nd2 Nc6 6. Bb5 Be7 7. Ngf3 O-O 8. Rb1 h6 9. Qe2 Bd7 10. h3 a6 11. Bd3 b5 12. O-O c4 13. Bc2 b4 14. e4 a5 15. Rfe1 Nh5 16. Bh2 f5 17. exd5 exd5 18. Ne5 Nxe5 19. Qxe5 Bg5 20. Qxd5+ Kh8 21. Nxc4 f4 22. Ne5 Bf5 23. Qxd8 Raxd8 24. Ng6+ Bxg6 25. Bxg6 Nf6 26. Re5 bxc3 27. bxc3 Rb8 28. Rbe1 Rb2 29. Rxa5 Nd5 30. Rxd5 1-0


[Site "https://www.chess.com"]

[Event "Titled Tuesday Blitz May 9 Early 2023"]
[White "Iskusnyh, Sergei"]
[Black "Goswami, Vedant"]
[WhiteFideId "4120027"]
[BlackFideId "5003725"]
[WhiteElo "2492"]
[BlackElo "2011"]
[Result "0-1"]
[Round "08"]
[TimeControl "180+2"]
[Date "2023.05.09"]
[WhiteClock "0:00:11"]
[BlackClock "0:00:16"]

1. d4 d6 2. Nf3 Nf6 3. c4 Bg4 4. Nc3 c6 5. e3 Nbd7 6. Be2 e5 7. h3 Bh5 8. b3 Be7 9. Bb2 O-O 10. O-O Re8 11. dxe5 dxe5 12. Nxe5 Nxe5 13. Bxh5 Nd3 14. Bc1 Nxh5 15. Qxh5 Bf6 16. Bd2 Nf4 17. Qd1 Bxc3 18. Bxc3 Qxd1 19. Rfxd1 Ne2+ 20. Kf1 Nxc3 21. Rd7 Rab8 22. a3 Ne4 23. b4 Kf8 24. Rad1 Nf6 25. R7d4 Ke7 26. g4 Rbd8 27. g5 Ng8 28. Re4+ Kf8 29. Red4 Rxd4 30. Rxd4 Ke7 31. Ke2 f5 32. Kf3 Rd8 33. Kf4 Rxd4+ 34. exd4 g6 35. Ke5 Kd7 36. h4 b5 37. cxb5 cxb5 38. Kd5 Ne7+ 39. Kc5 Nc6 40. d5 Ne5 41. Kxb5 Nd3 42. Ka6 Nxf2 43. Kxa7 Ne4 44. b5 f4 45. b6 Nc5 46. a4 f3 47. a5 f2 48. a6 f1=Q 49. b7 Qxa6+ 50. Kb8 Qxb7# 0-1


[Site "https://www.chess.com"]

[Event "Titled Tuesday Blitz May 9 Early 2023"]
[White "Mohammed, Zozek Salah Mohammed"]
[Black "Kim, Sergey"]
[WhiteFideId "4803361"]
[BlackFideId "13700570"]
[WhiteElo "2211"]
[BlackElo "2582"]
[Result "0-1"]
[Round "08"]
[TimeControl "180+2"]
[Date "2023.05.09"]
[WhiteClock "0:01:24"]
[BlackClock "0:01:57"]

1. d4 Nf6 2. Nf3 g6 3. g3 Bg7 4. Bg2 d6 5. O-O O-O 6. b3 e5 7. dxe5 Nfd7 8. Bb2 dxe5 9. Nc3 Nc6 10. a4 e4 11. Ne1 f5 12. Rb1 Nde5 13. Nd5 Be6 14. c4 a5 15. Nc2 Rf7 16. Nd4 Nxd4 17. Bxd4 Rd7 18. Qc2 Bxd5 19. cxd5 Rxd5 20. Bc3 Rc5 21. Rfd1 Qe7 22. Qb2 Rxc3 23. Qxc3 Nf3+ 24. Qxf3 exf3 25. Bxf3 c6 26. Rd3 Rd8 27. Rbd1 Rxd3 28. Rxd3 0-1


[Site "https://www.chess.com"]

[Event "Titled Tuesday Blitz May 9 Early 2023"]
[White "Reprintsev, Alexander"]
[Black "Hoffmann, Asa"]
[WhiteFideId "14100541"]
[BlackFideId "2001470"]
[WhiteElo "2218"]
[BlackElo "2117"]
[Result "1-0"]
[Round "08"]
[TimeControl "180+2"]
[Date "2023.05.09"]
[WhiteClock "0:00:13"]
[BlackClock "0:00:22"]

1. e4 d6 2. d4 Nf6 3. Nc3 c6 4. Be2 Nbd7 5. g4 e5 6. g5 Ng8 7. f4 Qb6 8. Nf3 exf4 9. Bxf4 Qxb2 10. Na4 Qb4+ 11. c3 Qa5 12. O-O h6 13. g6 Ngf6 14. gxf7+ Kxf7 15. e5 dxe5 16. Bc4+ Ke8 17. Nxe5 Nxe5 18. Bxe5 Bg4 19. Bf7+ Kxf7 20. Qxg4 Qxa4 21. Bxf6 gxf6 22. Rxf6+ Kxf6 23. Rf1+ Ke7 24. Qe4+ Kd8 25. Qe6 Qa3 26. Qf6+ Qe7 27. Qxh8 Kd7 28. Qg8 Re8 29. Rf7 Qxf7 30. Qxf7+ Be7 31. Qf5+ Kc7 32. Qe6 Kd8 33. Kg2 Rf8 34. Qxh6 Rf6 35. Qh8+ Kd7 36. Qb8 Bd6 37. Qxb7+ Bc7 38. Qxa7 Rg6+ 39. Kf3 Rh6 40. c4 Rxh2 41. d5 cxd5 42. cxd5 Rd2 43. Ke4 Re2+ 44. Kf5 Rd2 45. Ke4 Re2+ 46. Kd3 Re5 47. Kc4 Re4+ 48. Kc5 Re1 49. Qa4+ Ke7 50. Qh4+ Kd7 51. Qxe1 1-0


[Site "https://www.chess.com"]

[Event "Titled Tuesday Blitz May 9 Early 2023"]
[White "Hinds, Nathan"]
[Black "Turzo, Attila"]
[WhiteFideId "7400730"]
[BlackFideId "704954"]
[WhiteElo "2001"]
[BlackElo "2470"]
[Result "0-1"]
[Round "08"]
[TimeControl "180+2"]
[Date "2023.05.09"]
[WhiteClock "0:00:17"]
[BlackClock "0:01:05"]

1. Nf3 d5 2. d4 c6 3. c4 Nf6 4. g3 Bf5 5. cxd5 cxd5 6. Bg2 Nc6 7. O-O e6 8. Nc3 h6 9. Bf4 Be7 10. Ne5 O-O 11. Rc1 Rc8 12. Nxc6 Rxc6 13. Be5 Qd7 14. Bxf6 Bxf6 15. e3 Rfc8 16. Qd2 a6 17. Ne2 Rc2 18. Qd1 Rxb2 19. Rxc8+ Qxc8 20. Nf4 Rxa2 21. Qb3 Rc2 22. Qb6 Qc6 23. Qa7 b5 24. h3 Rc1 25. Kh2 Rxf1 26. Bxf1 e5 27. Qb8+ Qc8 28. Qxc8+ Bxc8 29. Nxd5 exd4 30. Nxf6+ gxf6 31. exd4 Be6 32. f4 Bc4 33. Bg2 a5 34. d5 a4 35. d6 Kf8 36. Bc6 a3 37. Bxb5 Bxb5 0-1


[Site "https://www.chess.com"]